[Event "*** Titled Tuesday Blitz"]
[Site "Chess.com"]
[Date "2020.04.14"]
[Round "6"]
[White "Semen_Khanin"]
[Black "Chigorinetz"]
[Result "1-0"]
[WhiteElo "2607"]
[BlackElo "2449"]
[TimeControl "180+1"]
[EndTime "11:03:17 PDT"]
[Termination "Semen_Khanin won by resignation"]

1. d4 d5 2. c4 Nc6 3. e3 dxc4 4. Bxc4 e5 5. Ne2 exd4 6. exd4 Bd6 7. Nbc3 Nf6 8. O-O O-O 9. h3 h6 10. a3 a6 11. Be3 Bf5 12. Qd2 Na5 13. Ba2 Be6 14. d5 Bxh3 15. gxh3 b5 16. b4 Nc4 17. Bxc4 bxc4 18.
Qd4 Re8 19. Qxc4 Qd7 20. Kg2 Re5 21. Ng3 Rae8 22. Bf4 R5e7 23. Bxd6 cxd6 24. Qc6 Qd8 25.
Qxa6 h5 26. Qd3 Re5 27. a4 h4 28. Nge2 Nh7 29. a5 Qg5+ 30. Kh2 Qf6 31. a6 Ng5 32. Kg2 Rf5 33. f4 Qg6 34. Kh2 Nxh3 35. Qxh3 Rf6 36. a7 Ra8 37. b5 Qc2 38. b6 Rg6 39. b7 1-0

[Event "*** Titled Tuesday Blitz"]
[Site "Chess.com"]
[Date "2020.04.14"]
[Round "6"]
[White "NTBT_DHS"]
[Black "BabyBoss31"]
[Result "1-0"]
[WhiteElo "2549"]
[BlackElo "2346"]
[TimeControl "180+1"]
[EndTime "11:03:17 PDT"]
[Termination "NTBT_DHS won by checkmate"]

1. d4 d5 2. c4 Nc6 3. Nc3 e5 4. cxd5 Nxd4 5. Nf3 Nxf3+ 6. exf3 Nf6 7. Bb5+ Bd7 8. Qe2 Bd6 9. f4 Qe7 10. fxe5 Qxe5 11.
Bxd7+ Kxd7 12. Be3 Rae8 13. O-O-O a6 14. Rhe1 Kc8 15.
Qd3 Qxh2 16. g3 Qh5 17. Qd4 Kd7 18. Kb1 Qf5+ 19. Ka1 Ng4 20. Bf4 Ne5 21. Ne4 g5 22. Bxe5 Bxe5 23. Qd3 Qg6 24. d6 Bxd6 25. Rc1 Re5 26.
f4 gxf4 27. gxf4 Rb5 28. Qc3 Re8 29. Nf6+ Kd8 30. Rxe8# 1-0

[Event "*** Titled Tuesday Blitz"]
[Site "Chess.com"]
[Date "2020.04.14"]
[Round "6"]
[White "Bacyanide"]
[Black "SaguriGuerra"]
[Result "0-1"]
[WhiteElo "2330"]
[BlackElo "2523"]
[TimeControl "180+1"]
[EndTime "11:03:17 PDT"]
[Termination "SaguriGuerra won by checkmate"]

1. d4 d6 2. c4 e5 3. Nc3 exd4 4. Qxd4 Nc6 5. Qd2 Nf6 6. b3 Be6 7. e4 a5 8. Bd3 g6 9. Bb2 Bg7 10. Nge2 O-O 11. O-O Ng4 12. Nd5 Nge5 13. f4 Nxd3 14. Bxg7 Kxg7 15. Qxd3 Bxd5 16. cxd5 Nb4 17. Qc3+ f6 18.
Nd4 Qe7 19. Ne6+ Kf7 20. Nxf8 Kxf8 21. Rae1 Nxa2 22. Qf3 Kg8 23. e5 dxe5 24. fxe5 fxe5 25. d6 cxd6 26. Qd5+ Kg7 27. Rf2 Nb4 28. Qb5 Rf8 29.
Rxf8 Kxf8 30. Qxa5 Nc6 31. Qd5 Kg7 32. Rf1 Nd4 33. b4 Nf5 34. Kh1 Ne3 35. Qf3 Nxf1 36. Qxf1 d5 37. Qe1 e4 38. h3 Qe5 39. Qc1 d4 40.
Qc8 Qe7 41. Qc5 Qxc5 42. bxc5 d3 43. Kg1 d2 44. Kf2 d1=Q 45. Ke3 Qd3+ 46. Kf4 e3 47. Ke5 e2 48. Ke6 e1=Q# 0-1

[Event "*** Titled Tuesday Blitz"]
[Site "Chess.com"]
[Date "2020.04.14"]
[Round "6"]
[White "DinaBelenkaya"]
[Black "PrinceCharming92"]
[Result "1-0"]
[WhiteElo "2188"]
[BlackElo "2305"]
[TimeControl "180+1"]
[EndTime "11:03:17 PDT"]
[Termination "DinaBelenkaya won by resignation"]

1. e4 d5 2. exd5 Qxd5 3. Nf3 Nf6 4. Be2 c6 5. O-O Bf5 6. d4 e6 7. c4 Qd8 8. Nc3 Be7 9. h3 O-O 10. Bf4 Nbd7 11. Qd2 Bg6 12. Rfd1 Re8 13. Nh4 Rc8 14.
Nxg6 hxg6 15. a3 c5 16. dxc5 Nxc5 17. Qe3 Qb6 18. b4 Ncd7 19. c5 Nxc5 20. bxc5 Bxc5 21. Qf3 Bxf2+ 22. Qxf2 Qxf2+ 23. Kxf2 Rxc3 24. Bf3 b5 25. Be5 Rc2+ 26. Kg3 Rec8 27. Rab1 a6 28. Bb7 R8c5 29. Bd4 Rg5+ 30. Kh2 Nd5 31. Bxd5 Rxd5 32. Be3 Re5 33. Rd2 Ra2 34. Rxa2 Rxe3 35. Rd1 1-0

[Event "*** Titled Tuesday Blitz"]
[Site "Chess.com"]
[Date "2020.04.14"]
[Round "6"]
[White "Sviridov_Valery"]
[Black "DrVelja"]
[Result "1-0"]
[WhiteElo "2829"]
[BlackElo "2643"]
[TimeControl "180+1"]
[EndTime "11:03:18 PDT"]
[Termination "Sviridov_Valery won on time"]

1. Nf3 Nf6 2. g3 g6 3. Bg2 Bg7 4.
O-O O-O 5. c4 c6 6. d4 d6 7. Nc3 Bf5 8. Qb3 Qc7 9. Re1 e5 10.
c5 e4 11. cxd6 Qxd6 12. Bf4 Qe7 13. Ne5 Na6 14. a3 h6 15. h3 g5 16. Be3 Rad8 17.
Red1 Nd5 18. Bd2 f6 19. Nc4 Kh8 20. Nxd5 cxd5 21. Ne3 Be6 22. g4 f5 23. gxf5 Bxf5 24. Nxf5 Rxf5 25. e3 Qf7 26. Rf1 Rf8 27. Be1 Nb8 28.
Rc1 Nc6 29. Qd1 Ne7 30. Rc7 h5 31. Bb4 Re8 32. Rxb7 Kg8 33. Rxa7 g4 34. hxg4 1-0

[Event "*** Titled Tuesday Blitz"]
[Site "Chess.com"]
[Date "2020.04.14"]
[Round "6"]
[White "juniortay"]
[Black "keepitcool9499"]
[Result "1-0"]
[WhiteElo "2463"]
[BlackElo "2286"]
[TimeControl "180+1"]
[EndTime "11:03:18 PDT"]
[Termination "juniortay won by checkmate"]

1. e4 e6 2. Nf3 d5 3. Nc3 Nf6 4. e5 Nfd7 5. d4 c5 6. Bg5 Qb6 7. dxc5 Bxc5 8. Qd2 Bb4 9. a3 Bxc3 10. Qxc3 O-O 11. Bd3 Nc6 12. O-O Qc5 13. Qe1 f5 14. exf6 Nxf6 15. c3 Qd6 16. Bh4 Nh5 17. Qe2 Nf4 18. Qc2 Nxd3 19. Qxd3 Ne5 20. Nxe5 Qxe5 21. Bg3 Qf6 22. Rae1 Bd7 23. Be5 Qf5 24. Qd4 Rf7 25. Re3 Raf8 26. f4 Bb5 27. Rfe1 a6 28. g3 Bd7 29. Bd6 Re8 30. Re5 Qf6 31. Bc5 h5 32.
Qe3 h4 33. Bd4 Qd8 34. Rg5 hxg3 35. Qe5 Qe7 36. hxg3 Ref8 37. Kf2 Bb5 38. Rh1 Bd3 39.
Rgh5 Rf5 40. Rh8+ Kf7 41. Qxg7+ Ke8 42. Rxf8+ Qxf8 43. Rh8 Qxh8 44. Qxh8+ Rf8 45. Qg7 Rf7 46. Qg8+ Rf8 47. Qxe6+ Kd8 48. Bb6# 1-0

[Event "*** Titled Tuesday Blitz"]
[Site "Chess.com"]
[Date "2020.04.14"]
[Round "6"]
[White "cancrushyou"]
[Black "Hippotaner"]
[Result "1-0"]
[WhiteElo "2433"]
[BlackElo "2263"]
[TimeControl "180+1"]
[EndTime "11:03:18 PDT"]
[Termination "cancrushyou won by checkmate"]

1. d4 Nf6 2. c4 e6 3. g3 c5 4.
Nf3 Nc6 5. Bg2 cxd4 6. Nxd4 e5 7. Nb5 d6 8. N1c3 a6 9. Na3 Be6 10. O-O Be7 11. Bg5 O-O 12. Qb3 Na5 13. Qa4 Bd7 14.
Qd1 Bc6 15. Bxf6 Bxf6 16. Nd5 Bg5 17. b4 Bxd5 18. cxd5 Rc8 19. bxa5 Qxa5 20. Nc2 Qc3 21. Ne1 b5 22. Nf3 Bh6 23. e3 f5 24. Qb3 Qa5 25. Rac1 Qb6 26. Bh3 g6 27. Rxc8 Rxc8 28. e4 b4 29. exf5 Rc3 30. Qd1 e4 31. Nh4 g5 32.
Qh5 gxh4 33. Qxh6 hxg3 34. Qg5+ Kf7 35. hxg3 e3 36. f6 exf2+ 37. Kg2 Ke8 38. Qg8# 1-0

[Event "*** Titled Tuesday Blitz"]
[Site "Chess.com"]
[Date "2020.04.14"]
[Round "6"]
[White "frankshar"]
[Black "JacekDubiel"]
[Result "0-1"]
[WhiteElo "2249"]
[BlackElo "2429"]
[TimeControl "180+1"]
[EndTime "11:03:18 PDT"]
[Termination "JacekDubiel won by resignation"]

1. d4 Nf6 2. c4 e6 3. Nf3 Bb4+ 4. Bd2 Qe7 5. g3 Nc6 6. Bg2 Bxd2+ 7. Nbxd2 d6 8. O-O a5 9. Qa4 O-O 10. a3 e5 11.
dxe5 dxe5 12. b4 e4 13. Ng5 e3 14. Nde4 exf2+ 15. Rxf2 Ng4 16. Rf4 h6 17. Nh3 g5 18.
Rff1 Ne3 19. Nf6+ Kg7 20. Nh5+ Kg6 21. Rf6+ Kxh5 22. Bf3+ g4 23. Qb5+ Qe5 24. Bxc6 Qxb5 25. Bxb5 gxh3 26. Rc1 Kg5 27. Rf4 axb4 28. axb4 c6 29.
c5 0-1

[Event "*** Titled Tuesday Blitz"]
[Site "Chess.com"]
[Date "2020.04.14"]
[Round "6"]
[White "steepedgames"]
[Black "dmvlad"]
[Result "1-0"]
[WhiteElo "2428"]
[BlackElo "2280"]
[TimeControl "180+1"]
[EndTime "11:03:18 PDT"]
[Termination "steepedgames won by resignation"]

1. e4 c6 2. Nc3 d5 3. Nf3 Bg4 4. h3 Bxf3 5. Qxf3 e6 6. g3 Nf6 7. Bg2 Be7 8. O-O O-O 9. d3 Nbd7 10. Bd2 a6 11. Rae1 b5 12. e5 Ne8 13. Qh5 b4 14. Nd1 a5 15. f4 g6 16. Qf3 Nc7 17. g4 Bh4 18. Re2 Nb5 19. Be3 c5 20. Kh1 Be7 21.
Bg1 Nd4 22. Bxd4 cxd4 23. f5 Rc8 24. f6 Bc5 25. Nf2 Qc7 26. Qf4 Rfe8 27. g5 Bf8 28. Ng4 Qc5 29. h4 Rc6 30. h5 gxh5 31. Nh6+ Bxh6 32.
gxh6 Kh8 33. Bf3 Rg8 34. Bxh5 Qf8 35. Rg1 Rxg1+ 36. Kxg1 Rc8 37. Qg5 Qg8 38. Qg7+ Qxg7+ 39. fxg7+ Kg8 40. Kg2 Rc6 41. Kg3 f6 42. Be8 Nxe5 43.
Bxc6 Nxc6 1-0

[Event "*** Titled Tuesday Blitz"]
[Site "Chess.com"]
[Date "2020.04.14"]
[Round "6"]
[White "MusicCityMaster"]
[Black "WiktoriaPOL"]
[Result "1-0"]
[WhiteElo "2306"]
[BlackElo "2087"]
[TimeControl "180+1"]
[EndTime "11:03:18 PDT"]
[Termination "MusicCityMaster won by checkmate"]

1. d4 Nf6 2. c4 g6 3. Nc3 Bg7 4. e4 d6 5. Nf3 O-O 6. Be2 e5 7.
O-O Nc6 8. d5 Ne7 9. b4 Ne8 10.
c5 f5 11. Nd2 Nf6 12. a4 f4 13.
Ba3 g5 14. f3 Ng6 15. b5 Rf7 16. b6 dxc5 17. bxc7 Qxc7 18. Nc4 Ne8 19. d6 Qd7 20. Bxc5 Qc6 21. Qd5 Be6 22. Qxc6 bxc6 23. Rab1 Rd7 24. Rfd1 Bf8 25. a5 Kg7 26. a6 Bxc4 27. Bxc4 Nxd6 28.
Be6 Rdd8 29. Na4 Nb5 30. Bd7 Bxc5+ 31. Nxc5 Nc3 32. Ne6+ Kf6 33. Nxd8 Nxb1 34. Bxc6 Rc8 35. Rd6+ Ke7 36. Rd7+ Kf6 37. Rf7# 1-0

[Event "*** Titled Tuesday Blitz"]
[Site "Chess.com"]
[Date "2020.04.14"]
[Round "6"]
[White "Gabrielian_Artur"]
[Black "dukicz123"]
[Result "1-0"]
[WhiteElo "2677"]
[BlackElo "2555"]
[TimeControl "180+1"]
[EndTime "11:03:19 PDT"]
[Termination "Gabrielian_Artur won on time"]

1. e4 e5 2. Nc3 Nc6 3. g3 Bc5 4. Bg2 d6 5. d3 f5 6. Nge2 Nf6 7. O-O O-O 8. Bg5 Nd4 9. Nxd4 Bxd4 10. Nd5 c6 11. Nxf6+ gxf6 12. Bh6 Rf7 13. c3 Bb6 14. a4 Be6 15. b4 d5 16. a5 Bc7 17. a6 b6 18. Qh5 fxe4 19. dxe4 b5 20. Rad1 Qd7 21. exd5 cxd5 22. Rfe1 Rd8 23. h3 Qc6 24. Be3 Qxa6 25.
Ra1 Qc6 26. Rxa7 Qxc3 27. Rc1 Qxb4 28. Raxc7 d4 29. Bh6 Qd6 30. Rxf7 Bxf7 31. Qg4+ Bg6 32. Be4 Kf7 33. Rc6 Qd7 34. Qf3 Qe7 35. Bd5+ Ke8 36.
Re6 1-0

[Event "*** Titled Tuesday Blitz"]
[Site "Chess.com"]
[Date "2020.04.14"]
[Round "6"]
[White "Keks2017"]
[Black "AliKa2810"]
[Result "1-0"]
[WhiteElo "2492"]
[BlackElo "2610"]
[TimeControl "180+1"]
[EndTime "11:03:19 PDT"]
[Termination "Keks2017 won on time"]

1. e4 e6 2. d3 d5 3. Nd2 Nf6 4. Ngf3 c5 5. g3 Nc6 6. Bg2 Be7 7.
O-O O-O 8. Re1 b5 9. e5 Nd7 10.
Nf1 a5 11. h4 a4 12. h5 h6 13. N1h2 a3 14. b3 Re8 15. c3 Qc7 16. Bf4 Bb7 17. Qe2 d4 18. c4 bxc4 19. bxc4 Bf8 20. Nd2 Nb4 21. Ne4 Bc6 22. Ng4 Kh8 23. Rad1 Qb7 24.
Rd2 Reb8 25. Nh2 Ra6 26. g4 Be7 27. Bg3 Rb6 28. f4 Qa6 29. Qf2 Nxd3 30. Rxd3 Rb2 31. Rd2 Qxc4 32. f5 Qxa2 33. f6 Bf8 34. g5 Bxe4 35. Bxe4 Rxd2 36. fxg7+ Bxg7 37. Qxf7 Nf8 38. Ng4 Rb3 39. Bf2 Re2 40. gxh6 Rxe1+ 41. Bxe1 Bxh6 42. Nxh6 Rg3+ 43. Bxg3 Qa1+ 44. Kh2 Qb2+ 45. Kh3 1-0

[Event "*** Titled Tuesday Blitz"]
[Site "Chess.com"]
[Date "2020.04.14"]
[Round "6"]
[White "LizaSolovyova"]
[Black "chito89"]
[Result "0-1"]
[WhiteElo "2601"]
[BlackElo "2788"]
[TimeControl "180+1"]
[EndTime "11:03:20 PDT"]
[Termination "chito89 won by resignation"]

1. d4 Nf6 2. Nc3 g6 3. e4 d6 4. Be3 c6 5. f3 Nbd7 6. Qd2 b5 7.
a3 Nb6 8. b3 Bg7 9. g4 h5 10.
g5 Nfd7 11. h4 O-O 12. Nge2 e5 13. Bg2 a5 14. a4 b4 15. Nd1 exd4 16. Bxd4 Ne5 17. f4 c5 18. Bxe5 dxe5 19. f5 Qxd2+ 20. Kxd2 Rd8+ 21. Ke1 c4 22. Ne3 Ba6 23. f6 Bf8 24.
Nd5 Bc5 25. Rd1 Kf8 26. Rh3 Rac8 27. Nc1 Nxd5 28. exd5 Bd4 29. Be4 Bb7 30. bxc4 Rxc4 31. Nb3 Bxd5 32. Nxa5 Bc3+ 33. Kf1 Rxe4 34. Rhd3 Bd4 0-1

[Event "*** Titled Tuesday Blitz"]
[Site "Chess.com"]
[Date "2020.04.14"]
[Round "6"]
[White "DejanNestor64"]
[Black "Jagerrmeisterr"]
[Result "0-1"]
[WhiteElo "2431"]
[BlackElo "2689"]
[TimeControl "180+1"]
[EndTime "11:03:20 PDT"]
[Termination "Jagerrmeisterr won on time"]

1. d4 f5 2. g3 Nf6 3. Bg2 e6 4. c4 d5 5. Qc2 c6 6. Nf3 Bd6 7.
O-O O-O 8. Bf4 Ne4 9. Bxd6 Qxd6 10. Nbd2 Nd7 11. Rac1 a5 12. e3 Qe7 13. Nxe4 fxe4 14.
Nd2 b6 15. f3 exf3 16. Rxf3 Ba6 17. b3 Rxf3 18. Nxf3 Rf8 19. e4 dxc4 20. bxc4 e5 21. c5 exd4 22. cxb6 c5 23. b7 d3 24. Qb2 Qxe4 25. Re1 Qxb7 26. Qd2 Qb4 27. Qe3 Nf6 28. Qe6+ Kh8 29. Ng5 Bc4 30. Qe7 Rg8 31. Rd1 Re8 32.
Nf7+ Bxf7 33. Qxf7 Qd4+ 34. Kh1 c4 35. Bc6 Rd8 36. Re1 d2 37. Rd1 c3 0-1

[Event "*** Titled Tuesday Blitz"]
[Site "Chess.com"]
[Date "2020.04.14"]
[Round "6"]
[White "TengisChess"]
[Black "grzechu96"]
[Result "0-1"]
[WhiteElo "2401"]
[BlackElo "2594"]
[TimeControl "180+1"]
[EndTime "11:03:20 PDT"]
[Termination "grzechu96 won by checkmate"]

1. Nf3 Nf6 2. g3 d5 3. Bg2 c5 4. O-O e6 5. c4 d4 6. e3 Nc6 7. exd4 cxd4 8. d3 Bd6 9. Re1 O-O 10. Bg5 h6 11. Bxf6 Qxf6 12. Nbd2 Qe7 13. a3 a5 14. Ne4 Bc7 15. Rb1 a4 16. Rc1 e5 17. Ned2 Bf5 18.
Ne4 Ra5 19. Nh4 Bh7 20. Qe2 Qd7 21. Nd2 Re8 22. g4 Bd8 23. Nf5 Bxf5 24. gxf5 Qxf5 25. Be4 Qf4 26. Kh1 Bg5 27. Rcd1 Nd8 28. Rg1 Ne6 29. Bxb7 Rb8 30. Rg4 Qf6 31. Ne4 Qe7 32. Bd5 Nf4 33.
Qf3 Rxb2 34. Rdg1 Bf6 35. Rxf4 exf4 36. Qxf4 Be5 37. Qxh6 Rb1 38. Qc6 Rxg1+ 39. Kxg1 Qh4 40. Qe8+ Kh7 41. Qxe5 g6 42. Nf6+ Kh6 43. Ne8 Qg4+ 44. Bg2 Qd1+ 45. Bf1 Qg4+ 46. Kh1 Rxe5 47. h3 Qf3+ 48.
Kg1 Rxe8 49. Bg2 Re1+ 50. Kh2 Qf4# 0-1

[Event "*** Titled Tuesday Blitz"]
[Site "Chess.com"]
[Date "2020.04.14"]
[Round "6"]
[White "Shield12"]
[Black "PIwan"]
[Result "1-0"]
[WhiteElo "2862"]
[BlackElo "2553"]
[TimeControl "180+1"]
[EndTime "11:03:21 PDT"]
[Termination "Shield12 won by resignation"]

1. e4 e6 2. d4 d5 3. Nc3 Nf6 4. Bg5 Bb4 5. exd5 Qxd5 6. Nf3 Ne4 7.
Bd2 Bxc3 8. bxc3 Nxd2 9. Qxd2 b6 10. Bd3 Bb7 11. O-O Nd7 12. Rfe1 Nf6 13. Qf4 O-O 14. c4 Qd6 15. Ne5 Rad8 16. c3 c5 17. Rad1 cxd4 18.
cxd4 b5 19. cxb5 Qd5 20. Bf1 Qxa2 21. Ra1 Qb2 22. Rxa7 Rxd4 23. Qc1 Qxc1 24. Rxc1 Bd5 25. Nc6 Rd2 26. b6 Rb2 27. b7 Bxc6 28. Rxc6 Nd7 29. g3 g6 30. Rc7 Nb8 31. h4 Kg7 32. Bg2 Rd8 33. Rc8 Rd1+ 34. Kh2 Nd7 35. Rd8 Ne5 36. Rxd1 Ng4+ 37. Kg1 1-0

[Event "*** Titled Tuesday Blitz"]
[Site "Chess.com"]
[Date "2020.04.14"]
[Round "6"]
[White "vasblesk"]
[Black "dsanchez1973"]
[Result "1-0"]
[WhiteElo "2378"]
[BlackElo "2093"]
[TimeControl "180+1"]
[EndTime "11:03:21 PDT"]
[Termination "vasblesk won by resignation"]

1. d4 d5 2. c4 c6 3. Nc3 e6 4.
Nf3 dxc4 5. a4 Bb4 6. Bd2 b5 7. axb5 Bxc3 8. Bxc3 cxb5 9. e3 Bb7 10. b3 a5 11. bxc4 b4 12. Bb2 Nf6 13. Bd3 Nbd7 14. O-O O-O 15. Re1 Qc7 16. e4 h6 17. e5 Nh7 18. h4 Rfb8 19. d5 Nc5 20. Bc2 Ba6 21.
d6 Qc6 22. Rxa5 Bxc4 23. Rxa8 Rxa8 24. Nd4 Qd5 25. Bb1 Nf8 26. h5 Ba2 27. Bc2 b3 28.
Bd3 Nxd3 29. Qxd3 Rc8 30. Qa6 Ra8 31. Qb5 Qxb5 32. Nxb5 Nd7 33. Rc1 Ra5 34. Nc7 Kf8 35.
f4 Ra4 36. g3 Rd4 37. Bxd4 f6 38. Bb2 fxe5 39. fxe5 Nxe5 40. Rf1+ Nf7 41. Nxe6+ Ke8 42. Nxg7+ Kd7 43. Rxf7+ 1-0

[Event "*** Titled Tuesday Blitz"]
[Site "Chess.com"]
[Date "2020.04.14"]
[Round "6"]
[White "MaxVavulin"]
[Black "VerdeNotte"]
[Result "1-0"]
[WhiteElo "2542"]
[BlackElo "2660"]
[TimeControl "180+1"]
[EndTime "11:03:22 PDT"]
[Termination "MaxVavulin won by resignation"]

1. e4 e5 2. Nf3 Nc6 3. Bb5 g6 4. c3 a6 5. Ba4 d6 6. d4 Bd7 7.
O-O Bg7 8. Re1 Nf6 9. Bxc6 Bxc6 10. dxe5 Nxe4 11. exd6 O-O 12. dxc7 Qxc7 13. Be3 Rad8 14. Nbd2 Nxd2 15. Nxd2 Rfe8 16. Qc2 Qe5 17. Nf1 h5 18. Bb6 Qd5 19. Ne3 Rxe3 20. fxe3 Re8 21. Bd4 Qe6 22.
Bxg7 Kxg7 23. b3 h4 24. h3 Be4 25. Qd2 Qc6 26. Rad1 Kg8 27. Rf1 Bf5 28. Rf4 Re4 29.
Qd8+ Kg7 30. Rxh4 Rxh4 31. Qxh4 Qe8 32. Qd4+ Kh7 33. Rf1 Be4 34. Rf4 1-0

[Event "*** Titled Tuesday Blitz"]
[Site "Chess.com"]
[Date "2020.04.14"]
[Round "6"]
[White "Usurpov"]
[Black "flavicol64"]
[Result "1-0"]
[WhiteElo "2423"]
[BlackElo "2273"]
[TimeControl "180+1"]
[EndTime "11:03:22 PDT"]
[Termination "Usurpov won by checkmate"]

1. e4 c5 2. Nf3 Nc6 3. d4 cxd4 4. Nxd4 e6 5. Nc3 Nf6 6. Ndb5 d6 7. Bf4 e5 8. Bg5 a6 9. Na3 b5 10. Nd5 Be7 11. Bxf6 Bxf6 12. c4 b4 13. Nc2 Rb8 14. g3 O-O 15. h4 g6 16. Qd3 Bg7 17. h5 Be6 18. Bh3 Nd4 19. Nxd4 exd4 20. Nf4 Bxh3 21. Rxh3 g5 22. h6 Be5 23. Nd5 Qe8 24. f4 Bh8 25. fxg5 Qe5 26. Rh4 Qxg5 27. Rg4 f6 28. Rxg5+ fxg5 29. Ke2 Be5 30. Rf1 Rxf1 31. Kxf1 Rf8+ 32. Kg2 a5 33.
Qd2 g4 34. Qg5+ Kf7 35. Qf5+ Ke8 36. Qe6+ Kd8 37. Qe7+ Kc8 38. Qc7# 1-0

[Event "*** Titled Tuesday Blitz"]
[Site "Chess.com"]
[Date "2020.04.14"]
[Round "6"]
[White "Rogue_King"]
[Black "AlessiaSanteramo"]
[Result "1-0"]
[WhiteElo "2261"]
[BlackElo "2053"]
[TimeControl "180+1"]
[EndTime "11:03:22 PDT"]
[Termination "Rogue_King won on time"]

1. d4 Nf6 2. c4 e6 3. Nc3 Bb4 4. f3 c5 5. d5 b5 6. e4 O-O 7.
Bd2 d6 8. Nxb5 Bxd2+ 9. Qxd2 e5 10. Bd3 a6 11. Nc3 g6 12. Nge2 Nh5 13. O-O Qh4 14. f4 Nd7 15. f5 Ndf6 16. fxg6 hxg6 17. h3 Kg7 18. Rf3 Nh7 19. Raf1 Ng5 20. R3f2 Bxh3 21. Qe3 Bg4 22. g3 Nh3+ 23. Kh2 Qe7 24. Rg2 Ng5 25. Nd1 Rh8 26. Rgf2 Nxg3+ 27. Kxg3 Rh3+ 28. Kxg4 Rxe3 29. Nxe3 Rh8 30. Ng3 Rf8 31. Nef5+ Kf6 32. Nxe7+ Kxe7 33. Kxg5 1-0

[Event "*** Titled Tuesday Blitz"]
[Site "Chess.com"]
[Date "2020.04.14"]
[Round "6"]
[White "viktorko131"]
[Black "chidori_boruto"]
[Result "0-1"]
[WhiteElo "2117"]
[BlackElo "2646"]
[TimeControl "180+1"]
[EndTime "11:03:22 PDT"]
[Termination "chidori_boruto won on time"]

1. e4 c6 2. d4 d5 3. exd5 cxd5 4.
c4 Nf6 5. Nc3 e6 6. Nf3 Bb4 7. Bd2 O-O 8. cxd5 exd5 9. Be2 Nc6 10.
O-O Bg4 11. Bg5 Be7 12. Ne5 Bxe2 13. Nxe2 Rc8 14. Qb3 Na5 15. Qa4 a6 16. Rac1 b5 17. Rxc8 bxa4 18. Rxd8 Rxd8 19. Nc3 a3 20. bxa3 h6 21.
Bxf6 Bxf6 22. f4 Be7 23. Kf2 Bxa3 24. Ke2 Bb2 25. Kd3 f6 26. Ng6 Nc6 27. f5 Nb4+ 28. Kd2 a5 29. Re1 Kh7 30. Nf4 Rc8 31. Nfxd5 Nxd5 32. Nxd5 Bxd4 33. Re7 Rd8 34. Nf4 Bc5+ 0-1

[Event "*** Titled Tuesday Blitz"]
[Site "Chess.com"]
[Date "2020.04.14"]
[Round "6"]
[White "Fandorine"]
[Black "ClassyEl"]
[Result "1-0"]
[WhiteElo "2914"]
[BlackElo "2710"]
[TimeControl "180+1"]
[EndTime "11:03:23 PDT"]
[Termination "Fandorine won by resignation"]

1. e4 d6 2. d4 Nf6 3. Nc3 c6 4. g3 Nbd7 5. Bg2 e5 6. Nge2 Be7 7. O-O O-O 8. h3 Qc7 9. Be3 b5 10. a3 Nb6 11. b3 Re8 12. Qd2 a5 13. d5 Bb7 14. dxc6 Bxc6 15. Nd5 Nfxd5 16. exd5 Bb7 17. Rfc1 Rec8 18. Rab1 Bd8 19. c4 Qd7 20. cxb5 Qxb5 21. Nc3 Qd7 22. a4 Ba6 23. Ne4 h6 24. g4 Qb7 25. Nxd6 Rxc1+ 26. Rxc1 Qe7 27. Nf5 Qa3 28. d6 Rb8 29. Bxh6 Bf6 30. Bxg7 1-0

[Event "*** Titled Tuesday Blitz"]
[Site "Chess.com"]
[Date "2020.04.14"]
[Round "6"]
[White "Savagelittlemole"]
[Black "Harsha_Bharathakoti"]
[Result "0-1"]
[WhiteElo "2612"]
[BlackElo "2804"]
[TimeControl "180+1"]
[EndTime "11:03:23 PDT"]
[Termination "Harsha_Bharathakoti won by resignation"]

1. e4 c5 2. Ne2 Nc6 3. d4 cxd4 4. Nxd4 Nf6 5. Nc3 d6 6. Bg5 e6 7. Qd2 a6 8. O-O-O Bd7 9. Kb1 h6 10. Bxf6 Qxf6 11. Nxc6 Bxc6 12. f4 b5 13. Qe3 g5 14. g3 Bg7 15. a3 Qe7 16. Bg2 Rb8 17.
Rhe1 O-O 18. Qd3 b4 19. axb4 Rxb4 20. b3 Qb7 21. Na2 Rb6 22. Re3 a5 23. fxg5 hxg5 24. Bh3 a4 25. Qc4 axb3 26. Rxb3 Bxe4 27. Kc1 d5 28.
Rxb6 Qxb6 29. Qb3 Qf2 30. Nc3 Qe3+ 31. Kb2 Bxc3+ 32. Qxc3 Rb8+ 0-1

[Event "*** Titled Tuesday Blitz"]
[Site "Chess.com"]
[Date "2020.04.14"]
[Round "6"]
[White "Disturbed01"]
[Black "kagg1125"]
[Result "1-0"]
[WhiteElo "2684"]
[BlackElo "2513"]
[TimeControl "180+1"]
[EndTime "11:03:23 PDT"]
[Termination "Disturbed01 won by resignation"]

1. d4 Nf6 2. c4 g6 3. Nc3 d5 4.
cxd5 Nxd5 5. e4 Nxc3 6. bxc3 Bg7 7. Bc4 c5 8. Ne2 Nc6 9. Be3 O-O 10. O-O Qc7 11. Rc1 b6 12. h4 Rd8 13. h5 Na5 14.
Bd5 Bb7 15. hxg6 hxg6 16. Nf4 e6 17. Bxb7 Nxb7 18. Qf3 Nd6 19. d5 e5 20. Nh3 f6 21.
g3 f5 22. Ng5 Re8 23. exf5 gxf5 24. Ne6 Qf7 25. Kg2 f4 26. gxf4 e4 27. Qg4 Nf5 28. Rh1 Rxe6 29. dxe6 Qxe6 30. Qg5 Rf8 31. Rh3 Rf6 32. Kh2 Kf7 33. Qh5+ Ke7 34. Rg1 Rh6 35.
Rxg7+ Nxg7 36. Qxh6 1-0

[Event "*** Titled Tuesday Blitz"]
[Site "Chess.com"]
[Date "2020.04.14"]
[Round "6"]
[White "VinzentSpitzl"]
[Black "blitzking1729"]
[Result "0-1"]
[WhiteElo "2359"]
[BlackElo "2586"]
[TimeControl "180+1"]
[EndTime "11:03:23 PDT"]
[Termination "blitzking1729 won by resignation"]

1. e4 d6 2. d4 Nf6 3. Nc3 e5 4. dxe5 dxe5 5. Qxd8+ Kxd8 6. Bc4 Ke8 7. f3 c6 8. Be3 Nbd7 9. Nge2 Bc5 10. Bxc5 Nxc5 11. b4 Be6 12. Bxe6 Nxe6 13. Kf2 Ke7 14. Rhd1 Nd7 15.
g3 f6 16. f4 Rhd8 17. f5 Nc7 18.
g4 a5 19. a3 b5 20. h4 Nb6 21. Rxd8 Kxd8 22. Rb1 Nc4 23. a4 axb4 24. Rxb4 c5 25. Rb1 b4 26. Nd5 Nxd5 27. exd5 Rxa4 28. g5 Nd6 29. Ng3 Ra2 30. Ke3 Rxc2 31. Ra1 Rc3+ 32. Kf2 Ra3 33. Rg1 Ke7 34. gxf6+ gxf6 35. h5 c4 36. h6 b3 37. Nh5 Nxf5 38. Ng7 Nxh6 39. Ne6 b2 40. Rg7+ Nf7 0-1

[Event "*** Titled Tuesday Blitz"]
[Site "Chess.com"]
[Date "2020.04.14"]
[Round "6"]
[White "Alex_Molchanov"]
[Black "figo13"]
[Result "1-0"]
[WhiteElo "2547"]
[BlackElo "2338"]
[TimeControl "180+1"]
[EndTime "11:03:24 PDT"]
[Termination "Alex_Molchanov won by resignation"]

1. d4 Nf6 2. c4 e6 3. Nc3 Bb4 4. e3 b6 5. Bd3 Bb7 6. Nf3 Ne4 7. Qc2 Bxc3+ 8. bxc3 f5 9. Nd2 Qh4 10. g3 Qh3 11.
Nxe4 Qg2 12. Rf1 Bxe4 13. Ba3 Nc6 14. O-O-O Na5 15. f3 Qxc2+ 16. Kxc2 Bxd3+ 17. Kxd3 d5 18. cxd5 exd5 19. e4 fxe4+ 20. fxe4 dxe4+ 21. Kxe4 Nc4 22. Bc1 O-O-O 23. Kd3 Ne5+ 24. Kc2 Ng4 25. h3 Nf6 26. Bg5 Rhf8 27. Rde1 Rd7 28. Bxf6 gxf6 29. Rf5 Rg7 30. g4 Rg5 31. Ref1 Rxf5 32. Rxf5 h6 33. Kd3 Kd7 34. a4 Ke6 35. Kc4 c6 36. Rh5 Rh8 37. a5 Kf7 38. a6 Kg6 39. d5 c5 40. Kb5 Rc8 41. d6 Kf7 42. d7 Rd8 43. Kc6 Ke6 44. Rd5 c4 45. Rd4 Ke7 46. Kc7 1-0

[Event "*** Titled Tuesday Blitz"]
[Site "Chess.com"]
[Date "2020.04.14"]
[Round "6"]
[White "Guachiney"]
[Black "Leonid_Starozhilov"]
[Result "1-0"]
[WhiteElo "2842"]
[BlackElo "2666"]
[TimeControl "180+1"]
[EndTime "11:03:25 PDT"]
[Termination "Guachiney won by resignation"]

1. e4 g6 2. d4 Bg7 3. Nc3 d6 4. Be3 a6 5. Qd2 b5 6. h4 h5 7. Nf3 Nf6 8. Ng5 Nbd7 9. f3 Bb7 10. a4 c6 11. Bd3 O-O 12. O-O e5 13. axb5 axb5 14.
dxe5 Nxe5 15. Be2 b4 16. Na4 c5 17. b3 Qc7 18. Rad1 Rad8 19. Qe1 Nh7 20. Nxh7 Kxh7 21. Qg3 Bc6 22. Rd2 Bf6 23. Rfd1 Qe7 24. Bg5 Bxg5 25.
hxg5 Bxa4 26. bxa4 Nc6 27. Bc4 Nd4 28. a5 Ra8 29. a6 Ra7 30. Rxd4 cxd4 31. Rxd4 Rc8 32. Bd3 Rc6 33. Rd5 Rcxa6 34. Bxa6 Rxa6 35. Kh2 Rc6 36. Qf4 Kg7 37. Qd2 Rb6 38. Qd4+ Kh7 39. Qxb6 Qd8 40.
Qxd8 1-0